 Dungeon Crawl Stone Soup version 0.27.0-65-ge2af304b15 (webtiles) character file.

Game seed: 18255372192236817686

193 Malachi the Sneak (level 5, 0/37 HPs)
             Began as a Vampire Enchanter on Aug 19, 2021.
             Slain by a goblin (3 damage)
             ... led by Robin
             ... on level 3 of the Dungeon.
             The game lasted 00:03:07 (1610 turns).

Malachi the Sneak (Vampire Enchanter)               Turns: 1610, Time: 00:03:07

Health: 0/37       AC:  3    Str:  7    XL:     5   Next: 44%
Magic:  4/8        EV: 12    Int: 19    God:
Gold:   74         SH:  0    Dex: 14    Spells: 5/8 levels left

rFire    . . .     SeeInvis +   a - +1 dagger
rCold    . . .     Faith    .   (no shield)
rNeg     . . .     Spirit   .   b - +0 robe
rPois    .         Reflect  .   (no helmet)
rElec    .         Harm     .   (no cloak)
rCorr    .         Rampage  .   e - +0 pair of gloves
Will     .....                  (no boots)
Stlth    +++.......             (no amulet)
HPRegen  0.32/turn              (no ring)
MPRegen  0.11/turn              (no ring)

@: healing quickly
A: alive, fangs 3, see invisible, vampiric 2
a: Exsanguinate


You were on level 3 of the Dungeon.
You visited 1 branch of the dungeon, and saw 3 of its levels.

You collected 74 gold pieces.

Inventory:

Hand Weapons
 a - a +1 dagger (weapon)
Armour
 b - a +0 robe (worn)
 e - a +0 pair of gloves (worn)
Scrolls
 f - a scroll of enchant weapon
 j - a scroll of magic mapping


   Skills:
 + Level 1.1 Fighting
 + Level 2.9 Short Blades
 - Level 2.1 Dodging
 * Level 7.1 Stealth
 - Level 2.0 Spellcasting
 * Level 5.7 Hexes
 + Level 0.6 Ice Magic


You had 5 spell levels left.
You knew the following spells:

 Your Spells              Type           Power      Damage    Failure   Level
a - Corona                Hex            25%        N/A       1%          1
b - Ensorcelled Hibernat  Hex/Ice        26%        N/A       7%          2

Your spell library contained the following spells:

 Spells                   Type           Power      Damage    Failure   Level
 Confusing Touch          Hex            23%        N/A       4%          3
 Tukima's Dance           Hex            23%        N/A       4%          3
 Dazzling Flash           Conj/Hex       24%        N/A       16%         3
 Beastly Appendage        Tmut           2%         N/A       17%         1
 Wereblood                Tmut           1%         N/A       26%         2
 Spider Form              Tmut/Pois      0%         N/A       45%         3


Dungeon Overview and Level Annotations

Branches:
Dungeon (3/15)

Altars:
Ru

Shops:
D:2 [

Annotations:
D:3 Robin


Innate Abilities, Weirdness & Mutations

Your natural rate of healing is accelerated.
You have razor-sharp teeth.
You have supernaturally acute eyesight. (SInv)
You are afflicted with vampirism and can become a bat while bloodless.


Message History

* * * LOW HITPOINT WARNING * * *
It was a potion of curing.
You feel better. The goblin hits you with a +0 club.
* * * LOW HITPOINT WARNING * * *
The goblin closely misses you.
Okay, then.
You barely miss the goblin. Your bite misses the goblin.
The goblin is moderately wounded.
The goblin no longer looks unusually strong.
The goblin misses you. The goblin hits you with a +0 club.
* * * LOW HITPOINT WARNING * * *
You hit the goblin.
You kill the goblin!
A bat comes into view.
Robin throws the goblin at you! The goblin barely misses you.
The goblin hits you but does no damage.
The bat moves out of view.
Casting: Ensorcelled Hibernation (safe; 7% risk of failure)
Confirm with . or Enter, or press ? or * to list all spells.
Aiming: Ensorcelled Hibernation (safe; 7% risk of failure)
Press: ? - help, Shift-Dir - straight line, f - goblin
Aim: a goblin, wielding a +0 club (chance to affect: 62%)
The goblin looks drowsy...
The goblin barely misses you.
The helpless goblin fails to defend itself.
You impale the goblin!!
You kill the goblin!
The goblin hits you with a +0 club.
* * * LOW HITPOINT WARNING * * *
The goblin no longer looks unusually strong.
Robin roars a battlecry!
The goblins go into a battle-frenzy!
Items here: ( ))) ††.
Robin throws the goblin at you!
* * * LOW HITPOINT WARNING * * *
Casting: Ensorcelled Hibernation (safe; 7% risk of failure)
Confirm with . or Enter, or press ? or * to list all spells.
Aiming: Ensorcelled Hibernation (safe; 7% risk of failure)
Press: ? - help, Shift-Dir - straight line, f - goblin
Aim: a goblin, wielding a +0 club (strong, chance to affect: 62%)
The goblin resists with significant effort.
The goblin barely misses you. The goblin hits you with a +0 club.
You die...

,,.#*** ###......#***** ,***
#..###...,,,* ** ##.#
*,,.,,,***** ,*****##**
#.##**,,,,,,,,,* ,,,,,,...###..#
*,,,,,***,*******
,,,,,,*#....#.##*,,,,,* *,,,,,,,,
,*,**,*####....#*,,,,,* ******,,,
,*,,*,,***###..#######* ***,,,**
***,**,,,***#..g@gS).#****,,,****
* *,,***,,<*#.######g.....>***
**,*****,*#.#* ***.......*****
*,,* *,,...***,,..b....,,,,*
**,** **#...**,,,.......***,**
*,,****#...,,,,,..(...$* *,,,
**,,,,,...,,**,,.g..[..* ***,
****,,,******,,,,,,g......*****,
*,,,,,,,,,,,,,<,,,,,,,,,,,,,,,,,


You could see Robin, 2 goblins and a ball python.

Vanquished Creatures
  Sigmund (D:3)
  2 worms (D:2)
  2 dart slugs
  A ball python (D:3)
  3 endoplasms
  2 giant cockroaches (D:2)
  7 goblins (D:3)
  3 hobgoblins (D:3)
  2 quokkas
  A bat (D:1)
  A frilled lizard (D:1)
  3 kobolds
  7 rats
35 creatures vanquished.

Notes
Turn   | Place    | Note
-------+----------+-------------------------------------------
     0 | D:1      | Malachi the Vampire Enchanter began the quest for the Orb.
     0 | D:1      | Reached XP level 1. HP: 13/13 MP: 3/3
    49 | D:1      | Found a faded altar of an unknown god.
   236 | D:1      | Reached XP level 2. HP: 14/20 MP: 5/5
   239 | D:1      | Learned a level 2 spell: Ensorcelled Hibernation
   265 | D:1      | Reached skill level 5 in Stealth
   639 | D:2      | Found a sacrificial altar of Ru.
   774 | D:2      | Reached skill level 5 in Hexes
   840 | D:2      | Found Xonk's Antique Armour Emporium.
  1044 | D:2      | Gained mutation: You are afflicted with vampirism and can
                  | become a bat while bloodless. [Vampire growth]
  1044 | D:2      | Reached XP level 3. HP: 25/25 MP: 6/6
  1367 | D:3      | Noticed Sigmund
  1431 | D:3      | Killed Sigmund
  1432 | D:3      | Reached skill level 1 in Fighting
  1432 | D:3      | Reached skill level 7 in Stealth
  1432 | D:3      | Reached XP level 4. HP: 8/32 MP: 3/7
  1432 | D:3      | Reached XP level 5. HP: 9/37 MP: 3/8
  1585 | D:3      | Noticed Robin
  1610 | D:3      | Slain by a goblin

Illustrated notes

Levels and vault maps discovered:
D:1:      dpeg_arrival_arbitrary_a, layout_rooms,
          hellmonk_ecumenical_altar_pennies_from_heaven, minmay_small_reverse_x
D:2:      layout_loops_ring, basic_altar, serial_shops, nicolae_shop_statue_plus
D:3:      layout_rooms, uniq_sigmund, uniq_robin

Skill      XL: |  1  2  3 |
---------------+----------+-----
Stealth        | 5 7 |  7.1
Hexes          | 5 |  5.7
Fighting       | 1 |  1.1
Short Blades   | 2 |  2.9
Dodging        | |  2.1
Spellcasting   | |  2.0
Ice Magic      | |  0.6

Action                   |  1- 3 |  4- 6 || total
-------------------------+-------+-------++-------
Melee: Dagger            |   129 |    44 ||   173
       Bite              |     1 |     4 ||     5
 Cast: Ensorcelled Hiber |     5 |     2 ||     7
  Use: Scroll            |     5 |       ||     5
       Potion            |     3 |     1 ||     4
 Stab: Sleeping          |     9 |     2 ||    11
Armor: Robe              |    26 |     4 ||    30
Dodge: Dodged            |    63 |    25 ||    88
